 Dungeon Crawl Stone Soup version 0.29.0-4-gdea44cf6ec (webtiles) character file.

Game seed: 17806884836966266581

73 qw the Chopper (level 4, -2/35 HPs)
             Began as a Demonspawn Cinder Acolyte on Sept 9, 2022.
             Was a High Priest of Ignis.
             Engulfed by a cloud of flame (8 damage)
             ... on level 2 of the Dungeon.
             The game lasted 00:00:47 (2772 turns).

qw the Chopper (Demonspawn Cinder Acolyte)          Turns: 2772, Time: 00:00:48

Health: -2/35      AC:  7    Str: 16    XL:     4   Next: 8%
Magic:  5/5        EV:  9    Int: 15    God:    Ignis [*****.]
Gold:   118        SH:  3    Dex:  9    Spells: 5/5 levels left

rFire   + . .      SeeInvis .   Y - -1 hand axe (flame)
rCold   + . .      Faith    .   f - +0 buckler
rNeg    + . .      Spirit   .   n - +0 scale mail
rPois   .          Reflect  .   (no helmet)
rElec   .          Harm     .   t - +0 cloak
rCorr   .          Rampage  .   (no gloves)
Will    .....                   (no boots)
Stlth   ..........              (no amulet)
HPRegen 0.11/turn               e - ring of positive energy
MPRegen 0.09/turn               j - ring of protection from cold

@: weak-willed
A: foul stench 2, demonic touch 1
a: Renounce Religion, Fiery Armour, Foxfire Swarm, Rising Flame


You were on level 2 of the Dungeon.
You worshipped Ignis.
Ignis was extremely pleased with you.
You visited 1 branch of the dungeon, and saw 2 of its levels.

You collected 118 gold pieces.


Innate Abilities, Weirdness & Mutations

You sometimes emit foul miasma when damaged in melee.
Your touch may inflict minor irresistible damage on your foes.


   Skills:
 - Level 3.0 Fighting
 - Level 4.0 Axes
 + Level 0.0 Armour
 - Level 1.1 Dodging
 - Level 1.1 Shields
 - Level 1.0 Spellcasting
 - Level 2.6 Fire Magic


You had 5 spell levels left.
You didn't know any spells.
Your spell library contained the following spells:

 Spells                   Type           Power      Damage    Failure   Level
 Scorch                   Fire           16%        2d6       54%         2

Inventory:

Hand Weapons
 Y - a -1 hand axe of flaming (weapon)
Armour
 f - a +0 buckler (worn)
 n - a +0 scale mail (worn)
 t - a +0 cloak (worn)
Jewellery
 e - a ring of positive energy (left hand)
 j - a ring of protection from cold (right hand)
 r - a ring of positive energy
Scrolls
 a - a scroll of vulnerability
 o - a scroll of immolation
Potions
 b - a potion of heal wounds {unknown}
 c - a potion of curing {unknown}
 g - a potion of degeneration {unknown}
 h - 2 potions of magic {unknown}
 k - a potion of might {unknown}
 l - a potion of flight {unknown}
 q - a potion of attraction {unknown}
 u - a potion of invisibility {unknown}

Dungeon Overview and Level Annotations

Branches:
Dungeon (2/15)

Altars:


Message History

Done exploring.
2767 ||| DROPPING ring of flight.
You drop a ring of flight.
Done exploring.
2768 ||| READING 2 scrolls labelled KENWOI MORUOLL.
As you read the scroll labelled KENWOI MORUOLL, it crumbles to dust.
Magic quickly surges around you.
It was a scroll of vulnerability.
Done exploring.
2769 ||| READING scroll labelled UBOUKU YQUKH.
As you read the scroll labelled UBOUKU YQUKH, it crumbles to dust.
You hear the tinkle of a tiny bell.
It was a scroll of butterflies.
Done exploring.
2770 ||| READING 2 scrolls labelled LEUSEWK NOECE.
As you read the scroll labelled LEUSEWK NOECE, it crumbles to dust.
The creatures around you are filled with an inner flame!
It was a scroll of immolation.
Done exploring.
2771 ||| READING scroll labelled UPRINOO HOSH.
The air fills with toxic fumes!
As you read the scroll labelled UPRINOO HOSH, it crumbles to dust.
It was a scroll of poison.
Your butterfly is engulfed in poison gas.
Your butterfly is poisoned.
Your butterfly disappears in a burst of colours!
Your butterfly explodes!
The fiery explosion engulfs your butterfly!!
Your butterfly disappears in a burst of colours!
Your butterfly explodes!
The fiery explosion engulfs you!! You resist.
Ouch! That really hurt!
The fiery explosion engulfs your butterfly!!
Your butterfly disappears in a burst of colours!
Your butterfly explodes!
The fiery explosion engulfs you! You resist.
Your butterfly is engulfed in poison gas.
Your butterfly is poisoned.
Your butterfly disappears in a burst of colours!
Your butterfly explodes!
You're standing in a cloud of flame!
You are engulfed in blazing flames.
You resist.
You die...

#......######.....##
#.###..# ##...##
#.#¤¤..# ##'##
#.#¤#.## #.# #.¤¤¤.#
#.# ###¤### ##.##
#¤# ##...###
#¤#########.....#.
#@¤.¤¤¤¤¤.........
#############.###.
### ## #


There were no monsters in sight!

Vanquished Creatures
  2 adders (D:2)
  A worm (D:2)
  4 bats
  7 endoplasms
  3 giant cockroaches
  3 goblins (D:1)
  4 hobgoblins
  6 jackals (D:1)
  A quokka (D:2)
  3 ball pythons
  4 frilled lizards
  5 kobolds
  8 rats
51 creatures vanquished.

Notes
Turn   | Place    | Note
-------+----------+-------------------------------------------
     0 | D:1      | qw the Demonspawn Cinder Acolyte began the quest for the
                  | Orb.
     0 | D:1      | Reached XP level 1. HP: 18/18 MP: 2/2
     0 | D:1      | 0 ||| qw: Version: 0.1-a-113-g051387a
     0 | D:1      | 0 ||| qw: Game counter: 7177
     0 | D:1      | 0 ||| qw: Always use a shield: true
     0 | D:1      | 0 ||| qw: God list: Okawaru
     0 | D:1      | 0 ||| qw: Allow faded altars: false
     0 | D:1      | 0 ||| qw: Do Orc after D:15 true
     0 | D:1      | 0 ||| qw: Do second Lair branch before Depths: true
     0 | D:1      | 0 ||| qw: Lair rune preference: random
     0 | D:1      | 0 ||| qw: Plans: Normal
     0 | D:1      | 0 ||| PLANNING D:1-11
    64 | D:1      | 64 ||| Stepping ~*~*~tactically~*~*~ (stealth).
    74 | D:1      | Reached skill level 3 in Axes
    97 | D:1      | 97 ||| Stepping ~*~*~tactically~*~*~ (stealth).
   145 | D:1      | Gained mutation: Your touch may inflict minor irresistible
                  | damage on your foes. [demonic ancestry]
   145 | D:1      | Reached XP level 2. HP: 24/24 MP: 3/3
   151 | D:1      | 151 ||| Stepping ~*~*~tactically~*~*~ (stealth).
   153 | D:1      | 153 ||| Stepping ~*~*~tactically~*~*~ (stealth).
   161 | D:1      | 161 ||| Stepping ~*~*~tactically~*~*~ (stealth).
   162 | D:1      | 162 ||| Stepping ~*~*~tactically~*~*~ (stealth).
   163 | D:1      | 163 ||| Stepping ~*~*~tactically~*~*~ (stealth).
   167 | D:1      | 167 ||| Stepping ~*~*~tactically~*~*~ (stealth).
   168 | D:1      | 168 ||| Stepping ~*~*~tactically~*~*~ (stealth).
   172 | D:1      | 172 ||| Stepping ~*~*~tactically~*~*~ (stealth).
   180 | D:1      | 180 ||| Stepping ~*~*~tactically~*~*~ (stealth).
   264 | D:1      | 264 ||| INVOKING Fiery Armour.
   553 | D:1      | 553 ||| Stepping ~*~*~tactically~*~*~ (stealth).
   584 | D:1      | 584 ||| Stepping ~*~*~tactically~*~*~ (stealth).
   589 | D:1      | Gained mutation: You may rarely emit foul miasma when
                  | damaged in melee. [demonic ancestry]
   589 | D:1      | Reached XP level 3. HP: 27/29 MP: 4/4
   666 | D:1      | 666 ||| Stepping ~*~*~tactically~*~*~ (stealth).
   667 | D:1      | 667 ||| Stepping ~*~*~tactically~*~*~ (stealth).
   704 | D:1      | 704 ||| Stepping ~*~*~tactically~*~*~ (stealth).
  1177 | D:1      | Reached skill level 4 in Axes
  1247 | D:1      | 1247 ||| UPGRADING to +0 leather armour.
  1257 | D:1      | 1257 ||| DROPPING +0 robe.
  1258 | D:1      | 1258 ||| UPGRADING to +0 buckler.
  1263 | D:1      | 1263 ||| DRINKING 2 fuming red potions.
  1284 | D:1      | 1284 ||| DROPPING potion of lignification.
  1830 | D:2      | Reached skill level 1 in Shields
  2010 | D:2      | 2010 ||| Stepping ~*~*~tactically~*~*~ (stealth).
  2032 | D:2      | 2032 ||| Stepping ~*~*~tactically~*~*~ (stealth).
  2442 | D:2      | Reached skill level 1 in Dodging
  2442 | D:2      | Gained mutation: You sometimes emit foul miasma when
                  | damaged in melee. [demonic ancestry]
  2442 | D:2      | Reached XP level 4. HP: 27/35 MP: 5/5
  2668 | D:2      | Identified the +0 ring mail "Immod" {Regen+}
  2748 | D:2      | 2748 ||| UPGRADING to +0 scale mail.
  2758 | D:2      | 2758 ||| DROPPING +0 leather armour.
  2759 | D:2      | 2759 ||| UPGRADING to +0 cloak.
  2764 | D:2      | 2764 ||| DROPPING +0 ring mail "Immod" {Regen+}.
  2765 | D:2      | 2765 ||| UPGRADING to ring of positive energy.
  2766 | D:2      | 2766 ||| UPGRADING to ring of protection from cold.
  2767 | D:2      | 2767 ||| DROPPING ring of flight.
  2768 | D:2      | 2768 ||| READING 2 scrolls labelled KENWOI MORUOLL.
  2769 | D:2      | 2769 ||| READING scroll labelled UBOUKU YQUKH.
  2770 | D:2      | 2770 ||| READING 2 scrolls labelled LEUSEWK NOECE.
  2771 | D:2      | 2771 ||| READING scroll labelled UPRINOO HOSH.
  2771 | D:2      | HP: 6/35 [spore (10)]
  2772 | D:2      | Engulfed by a cloud of flame

Levels and vault maps discovered:
D:1:      sevenhm_arrival_forest_fort_small_4, layout_loops_ring,
          serial_aquarium, aquarium_bridge_square [aquarium_subvault_window,
          aquarium_subvault_bridge, aquarium_subvault_window,
          aquarium_subvault_bridge], aquarium_window_2, aquarium_window_1,
          aquarium_view_2f, aquarium_view_2g, aquarium_balcony_3a,
          aquarium_pool_2, minmay_rat_gold_closets
D:2:      layout_loops_corners

Skill      XL: |  1  2  3 |
---------------+----------+-----
Axes           | 3 4 |  4.0
Shields        | 1 |  1.1
Dodging        | 1 |  1.1
Fighting       | |  3.0
Spellcasting   | |  1.0
Fire Magic     | |  2.6

Action                   |  1- 3 |  4- 6 || total
-------------------------+-------+-------++-------
Melee: Hand axe          |   138 |     7 ||   145
       Touch             |     3 |       ||     3
Invok: Fiery Armour      |     1 |       ||     1
  Use: Potion            |     1 |       ||     1
       Scroll            |       |     4 ||     4
Armor: Robe              |    16 |       ||    16
       Leather armour    |    12 |       ||    12
Dodge: Dodged            |    52 |     1 ||    53
Block: Buckler           |     7 |     1 ||     8

Table legend:
 A = Non-vault XP
 B = Vault XP
 C = Vault XP percentage of total XP
 D = Non-vault monster count
 E = Vault monster count
 F = Vault count percentage of total count
                 A         B        C        D         E       F
            +---------+---------+-------+---------+---------+-------
      Total |      98 |       7 |   6.7 |      44 |       7 |  13.7
            +---------+---------+-------+---------+---------+-------
        D:1 |      48 |       7 |  12.7 |      27 |       7 |  20.6
        D:2 |      50 |       0 |   0.0 |      17 |       0 |   0.0
            +---------+---------+-------+---------+---------+-------
